%YAML 1.1
%TAG !u! tag:unity3d.com,2011:
--- !u!1 &567797062037618508
GameObject:
  m_ObjectHideFlags: 0
  m_CorrespondingSourceObject: {fileID: 0}
  m_PrefabInstance: {fileID: 0}
  m_PrefabAsset: {fileID: 0}
  serializedVersion: 6
  m_Component:
  - component: {fileID: 6326869134004082143}
  m_Layer: 7
  m_Name: CurrentProjectile
  m_TagString: Untagged
  m_Icon: {fileID: 0}
  m_NavMeshLayer: 0
  m_StaticEditorFlags: 0
  m_IsActive: 1
--- !u!4 &6326869134004082143
Transform:
  m_ObjectHideFlags: 0
  m_CorrespondingSourceObject: {fileID: 0}
  m_PrefabInstance: {fileID: 0}
  m_PrefabAsset: {fileID: 0}
  m_GameObject: {fileID: 567797062037618508}
  m_LocalRotation: {x: 0, y: 0, z: 0, w: 1}
  m_LocalPosition: {x: -2.6, y: 39.1, z: -1.75}
  m_LocalScale: {x: 1, y: 1, z: 1}
  m_Children: []
  m_Father: {fileID: 8413041347976132058}
  m_RootOrder: 3
  m_LocalEulerAnglesHint: {x: 0, y: 0, z: 0}
--- !u!1 &2859461317332981585
GameObject:
  m_ObjectHideFlags: 0
  m_CorrespondingSourceObject: {fileID: 0}
  m_PrefabInstance: {fileID: 0}
  m_PrefabAsset: {fileID: 0}
  serializedVersion: 6
  m_Component:
  - component: {fileID: 1240370562057222885}
  m_Layer: 7
  m_Name: StartPoint
  m_TagString: Untagged
  m_Icon: {fileID: 0}
  m_NavMeshLayer: 0
  m_StaticEditorFlags: 0
  m_IsActive: 1
--- !u!4 &1240370562057222885
Transform:
  m_ObjectHideFlags: 0
  m_CorrespondingSourceObject: {fileID: 0}
  m_PrefabInstance: {fileID: 0}
  m_PrefabAsset: {fileID: 0}
  m_GameObject: {fileID: 2859461317332981585}
  m_LocalRotation: {x: 0, y: 0, z: 0, w: 1}
  m_LocalPosition: {x: -2.6, y: 36.21, z: -1.75}
  m_LocalScale: {x: 1, y: 1, z: 1}
  m_Children: []
  m_Father: {fileID: 8413041347976132058}
  m_RootOrder: 2
  m_LocalEulerAnglesHint: {x: 0, y: 0, z: 0}
--- !u!1 &4691841569927522703
GameObject:
  m_ObjectHideFlags: 0
  m_CorrespondingSourceObject: {fileID: 0}
  m_PrefabInstance: {fileID: 0}
  m_PrefabAsset: {fileID: 0}
  serializedVersion: 6
  m_Component:
  - component: {fileID: 3454777294280695903}
  - component: {fileID: 5419087132608333396}
  - component: {fileID: 5546008970664364154}
  m_Layer: 7
  m_Name: LifeBar
  m_TagString: Untagged
  m_Icon: {fileID: 0}
  m_NavMeshLayer: 0
  m_StaticEditorFlags: 0
  m_IsActive: 1
--- !u!224 &3454777294280695903
RectTransform:
  m_ObjectHideFlags: 0
  m_CorrespondingSourceObject: {fileID: 0}
  m_PrefabInstance: {fileID: 0}
  m_PrefabAsset: {fileID: 0}
  m_GameObject: {fileID: 4691841569927522703}
  m_LocalRotation: {x: -0, y: -0, z: -0, w: 1}
  m_LocalPosition: {x: 0, y: 0, z: 0}
  m_LocalScale: {x: 0.2, y: 0.2, z: 1}
  m_Children:
  - {fileID: 2747886323000923290}
  m_Father: {fileID: 3556300842139551652}
  m_RootOrder: 1
  m_LocalEulerAnglesHint: {x: 0, y: 0, z: 0}
  m_AnchorMin: {x: 0.5, y: 0.5}
  m_AnchorMax: {x: 0.5, y: 0.5}
  m_AnchoredPosition: {x: 0, y: 0}
  m_SizeDelta: {x: 111, y: 111}
  m_Pivot: {x: 0.5, y: 0.5}
--- !u!222 &5419087132608333396
CanvasRenderer:
  m_ObjectHideFlags: 0
  m_CorrespondingSourceObject: {fileID: 0}
  m_PrefabInstance: {fileID: 0}
  m_PrefabAsset: {fileID: 0}
  m_GameObject: {fileID: 4691841569927522703}
  m_CullTransparentMesh: 1
--- !u!114 &5546008970664364154
MonoBehaviour:
  m_ObjectHideFlags: 0
  m_CorrespondingSourceObject: {fileID: 0}
  m_PrefabInstance: {fileID: 0}
  m_PrefabAsset: {fileID: 0}
  m_GameObject: {fileID: 4691841569927522703}
  m_Enabled: 1
  m_EditorHideFlags: 0
  m_Script: {fileID: 11500000, guid: fe87c0e1cc204ed48ad3b37840f39efc, type: 3}
  m_Name: 
  m_EditorClassIdentifier: 
  m_Material: {fileID: 0}
  m_Color: {r: 1, g: 1, b: 1, a: 1}
  m_RaycastTarget: 1
  m_RaycastPadding: {x: 0, y: 0, z: 0, w: 0}
  m_Maskable: 1
  m_OnCullStateChanged:
    m_PersistentCalls:
      m_Calls: []
  m_Sprite: {fileID: 21300000, guid: 4bebf5f4296063740aff74e30c10eea8, type: 3}
  m_Type: 3
  m_PreserveAspect: 0
  m_FillCenter: 1
  m_FillMethod: 4
  m_FillAmount: 1
  m_FillClockwise: 1
  m_FillOrigin: 3
  m_UseSpriteMesh: 0
  m_PixelsPerUnitMultiplier: 1
--- !u!1 &5052492059229151250
GameObject:
  m_ObjectHideFlags: 0
  m_CorrespondingSourceObject: {fileID: 0}
  m_PrefabInstance: {fileID: 0}
  m_PrefabAsset: {fileID: 0}
  serializedVersion: 6
  m_Component:
  - component: {fileID: 1102371806838970826}
  m_Layer: 7
  m_Name: NextProjectile
  m_TagString: Untagged
  m_Icon: {fileID: 0}
  m_NavMeshLayer: 0
  m_StaticEditorFlags: 0
  m_IsActive: 1
--- !u!4 &1102371806838970826
Transform:
  m_ObjectHideFlags: 0
  m_CorrespondingSourceObject: {fileID: 0}
  m_PrefabInstance: {fileID: 0}
  m_PrefabAsset: {fileID: 0}
  m_GameObject: {fileID: 5052492059229151250}
  m_LocalRotation: {x: 0, y: 0, z: 0, w: 1}
  m_LocalPosition: {x: 6.2, y: 35.94, z: 0}
  m_LocalScale: {x: 1, y: 1, z: 1}
  m_Children: []
  m_Father: {fileID: 8413041347976132058}
  m_RootOrder: 4
  m_LocalEulerAnglesHint: {x: 0, y: 0, z: 0}
--- !u!1 &6076912906546127261
GameObject:
  m_ObjectHideFlags: 0
  m_CorrespondingSourceObject: {fileID: 0}
  m_PrefabInstance: {fileID: 0}
  m_PrefabAsset: {fileID: 0}
  serializedVersion: 6
  m_Component:
  - component: {fileID: 5609396841281418294}
  m_Layer: 7
  m_Name: StartPointTop
  m_TagString: Untagged
  m_Icon: {fileID: 0}
  m_NavMeshLayer: 0
  m_StaticEditorFlags: 0
  m_IsActive: 1
--- !u!4 &5609396841281418294
Transform:
  m_ObjectHideFlags: 0
  m_CorrespondingSourceObject: {fileID: 0}
  m_PrefabInstance: {fileID: 0}
  m_PrefabAsset: {fileID: 0}
  m_GameObject: {fileID: 6076912906546127261}
  m_LocalRotation: {x: -0, y: -0, z: -0, w: 1}
  m_LocalPosition: {x: -2.6, y: 38.03, z: -0.24}
  m_LocalScale: {x: 1, y: 1, z: 1}
  m_Children: []
  m_Father: {fileID: 8413041347976132058}
  m_RootOrder: 1
  m_LocalEulerAnglesHint: {x: 0, y: 0, z: 0}
--- !u!1 &6343900414734445652
GameObject:
  m_ObjectHideFlags: 0
  m_CorrespondingSourceObject: {fileID: 0}
  m_PrefabInstance: {fileID: 0}
  m_PrefabAsset: {fileID: 0}
  serializedVersion: 6
  m_Component:
  - component: {fileID: 6343900414734445643}
  - component: {fileID: 7079360606188048790}
  m_Layer: 7
  m_Name: PathDrawer
  m_TagString: Untagged
  m_Icon: {fileID: 0}
  m_NavMeshLayer: 0
  m_StaticEditorFlags: 0
  m_IsActive: 1
--- !u!4 &6343900414734445643
Transform:
  m_ObjectHideFlags: 0
  m_CorrespondingSourceObject: {fileID: 0}
  m_PrefabInstance: {fileID: 0}
  m_PrefabAsset: {fileID: 0}
  m_GameObject: {fileID: 6343900414734445652}
  m_LocalRotation: {x: 0, y: 0, z: 0, w: 1}
  m_LocalPosition: {x: 0, y: 0, z: 0}
  m_LocalScale: {x: 1, y: 1, z: 1}
  m_Children: []
  m_Father: {fileID: 8413041347976132058}
  m_RootOrder: 0
  m_LocalEulerAnglesHint: {x: 0, y: 0, z: 0}
--- !u!114 &7079360606188048790
MonoBehaviour:
  m_ObjectHideFlags: 0
  m_CorrespondingSourceObject: {fileID: 0}
  m_PrefabInstance: {fileID: 0}
  m_PrefabAsset: {fileID: 0}
  m_GameObject: {fileID: 6343900414734445652}
  m_Enabled: 1
  m_EditorHideFlags: 0
  m_Script: {fileID: 11500000, guid: 30abc1dd04356e4489199c2765c208be, type: 3}
  m_Name: 
  m_EditorClassIdentifier: 
  PathObjectSizeCurve:
    serializedVersion: 2
    m_Curve:
    - serializedVersion: 3
      time: 0
      value: 0.5
      inSlope: 0.0056579574
      outSlope: 0.0056579574
      tangentMode: 0
      weightedMode: 0
      inWeight: 0
      outWeight: 1
    - serializedVersion: 3
      time: 0.2
      value: 0.5
      inSlope: 0.021840066
      outSlope: 3.8840334
      tangentMode: 1
      weightedMode: 0
      inWeight: 1
      outWeight: 0.085683286
    - serializedVersion: 3
      time: 0.8
      value: 0.5
      inSlope: -2.734491
      outSlope: -0.0027004061
      tangentMode: 1
      weightedMode: 0
      inWeight: 0.061282214
      outWeight: 1
    - serializedVersion: 3
      time: 1
      value: 0.5
      inSlope: -0.015287921
      outSlope: -0.015287921
      tangentMode: 0
      weightedMode: 0
      inWeight: 1
      outWeight: 0
    m_PreInfinity: 2
    m_PostInfinity: 2
    m_RotationOrder: 4
  PathDrawObject: 7
  _Player: {fileID: 5187260001684703618}
  EndPointTransform: {fileID: 0}
  startPointTransform: {fileID: 6326869134004082143}
--- !u!1 &7179859431828910562
GameObject:
  m_ObjectHideFlags: 0
  m_CorrespondingSourceObject: {fileID: 0}
  m_PrefabInstance: {fileID: 0}
  m_PrefabAsset: {fileID: 0}
  serializedVersion: 6
  m_Component:
  - component: {fileID: 8413041347976132058}
  - component: {fileID: 8240626676919872767}
  - component: {fileID: 5187260001684703618}
  - component: {fileID: 6601403891814183648}
  m_Layer: 7
  m_Name: Player
  m_TagString: Untagged
  m_Icon: {fileID: 0}
  m_NavMeshLayer: 0
  m_StaticEditorFlags: 0
  m_IsActive: 1
--- !u!4 &8413041347976132058
Transform:
  m_ObjectHideFlags: 0
  m_CorrespondingSourceObject: {fileID: 0}
  m_PrefabInstance: {fileID: 0}
  m_PrefabAsset: {fileID: 0}
  m_GameObject: {fileID: 7179859431828910562}
  m_LocalRotation: {x: 0, y: 0, z: 0, w: 1}
  m_LocalPosition: {x: 0, y: 0, z: -30}
  m_LocalScale: {x: 1, y: 1, z: 1}
  m_Children:
  - {fileID: 6343900414734445643}
  - {fileID: 5609396841281418294}
  - {fileID: 1240370562057222885}
  - {fileID: 6326869134004082143}
  - {fileID: 1102371806838970826}
  - {fileID: 7290550349283429186}
  - {fileID: 3183619568540797936}
  - {fileID: 3556300842139551652}
  m_Father: {fileID: 0}
  m_RootOrder: 0
  m_LocalEulerAnglesHint: {x: 0, y: 0, z: 0}
--- !u!114 &8240626676919872767
MonoBehaviour:
  m_ObjectHideFlags: 0
  m_CorrespondingSourceObject: {fileID: 0}
  m_PrefabInstance: {fileID: 0}
  m_PrefabAsset: {fileID: 0}
  m_GameObject: {fileID: 7179859431828910562}
  m_Enabled: 1
  m_EditorHideFlags: 0
  m_Script: {fileID: 11500000, guid: 695590f75145cfe49add198e77389176, type: 3}
  m_Name: 
  m_EditorClassIdentifier: 
--- !u!114 &5187260001684703618
MonoBehaviour:
  m_ObjectHideFlags: 0
  m_CorrespondingSourceObject: {fileID: 0}
  m_PrefabInstance: {fileID: 0}
  m_PrefabAsset: {fileID: 0}
  m_GameObject: {fileID: 7179859431828910562}
  m_Enabled: 1
  m_EditorHideFlags: 0
  m_Script: {fileID: 11500000, guid: eb5b442e702e7da4e8d71b89033f8dad, type: 3}
  m_Name: 
  m_EditorClassIdentifier: 
  EnemyTargetsTag: PlayerTargets
  PlayerTargetsTag: EnemyTarget
  ShootForce: {x: 0, y: 0, z: 0}
--- !u!114 &6601403891814183648
MonoBehaviour:
  m_ObjectHideFlags: 0
  m_CorrespondingSourceObject: {fileID: 0}
  m_PrefabInstance: {fileID: 0}
  m_PrefabAsset: {fileID: 0}
  m_GameObject: {fileID: 7179859431828910562}
  m_Enabled: 1
  m_EditorHideFlags: 0
  m_Script: {fileID: 11500000, guid: 387f3ab6e475dd245bb74960696ae590, type: 3}
  m_Name: 
  m_EditorClassIdentifier: 
  CurrentPosRef: {fileID: 6326869134004082143}
  NextPosRef: {fileID: 1102371806838970826}
  _StartPositionTop: {fileID: 5609396841281418294}
  _StartPosition: {fileID: 1240370562057222885}
  _Player: {fileID: 5187260001684703618}
  TransferCurve:
    serializedVersion: 2
    m_Curve:
    - serializedVersion: 3
      time: 0
      value: 0.5
      inSlope: 2.405948
      outSlope: 2.405948
      tangentMode: 0
      weightedMode: 0
      inWeight: 0
      outWeight: 0.10000245
    - serializedVersion: 3
      time: 0.49772534
      value: 2
      inSlope: 0.0026409626
      outSlope: 0.0026409626
      tangentMode: 0
      weightedMode: 0
      inWeight: 0.33333334
      outWeight: 0.33333334
    - serializedVersion: 3
      time: 1
      value: 0.5
      inSlope: -2.405948
      outSlope: -2.405948
      tangentMode: 0
      weightedMode: 0
      inWeight: 0.099096686
      outWeight: 0
    m_PreInfinity: 2
    m_PostInfinity: 2
    m_RotationOrder: 4
--- !u!1 &8148238229518946041
GameObject:
  m_ObjectHideFlags: 0
  m_CorrespondingSourceObject: {fileID: 0}
  m_PrefabInstance: {fileID: 0}
  m_PrefabAsset: {fileID: 0}
  serializedVersion: 6
  m_Component:
  - component: {fileID: 7290550349283429186}
  m_Layer: 7
  m_Name: ModelProps
  m_TagString: Untagged
  m_Icon: {fileID: 0}
  m_NavMeshLayer: 0
  m_StaticEditorFlags: 0
  m_IsActive: 1
--- !u!4 &7290550349283429186
Transform:
  m_ObjectHideFlags: 0
  m_CorrespondingSourceObject: {fileID: 0}
  m_PrefabInstance: {fileID: 0}
  m_PrefabAsset: {fileID: 0}
  m_GameObject: {fileID: 8148238229518946041}
  m_LocalRotation: {x: 0, y: 0, z: 0, w: 1}
  m_LocalPosition: {x: 0, y: 0, z: 0}
  m_LocalScale: {x: 1, y: 1, z: 1}
  m_Children:
  - {fileID: 6169735679311442721}
  - {fileID: 9188776572291298067}
  - {fileID: 81974396940014519}
  - {fileID: 1112945103076574625}
  - {fileID: 2871854362182184434}
  - {fileID: 8108586840524996916}
  - {fileID: 9054718742537925005}
  m_Father: {fileID: 8413041347976132058}
  m_RootOrder: 5
  m_LocalEulerAnglesHint: {x: 0, y: 0, z: 0}
--- !u!1 &8962237326067113616
GameObject:
  m_ObjectHideFlags: 0
  m_CorrespondingSourceObject: {fileID: 0}
  m_PrefabInstance: {fileID: 0}
  m_PrefabAsset: {fileID: 0}
  serializedVersion: 6
  m_Component:
  - component: {fileID: 3556300842139551652}
  - component: {fileID: 1416963297192204226}
  - component: {fileID: 1619548363045515598}
  - component: {fileID: 9187681703839791236}
  - component: {fileID: 4037034073845591049}
  - component: {fileID: 5033310223957535667}
  m_Layer: 7
  m_Name: Delay
  m_TagString: Untagged
  m_Icon: {fileID: 0}
  m_NavMeshLayer: 0
  m_StaticEditorFlags: 0
  m_IsActive: 1
--- !u!224 &3556300842139551652
RectTransform:
  m_ObjectHideFlags: 0
  m_CorrespondingSourceObject: {fileID: 0}
  m_PrefabInstance: {fileID: 0}
  m_PrefabAsset: {fileID: 0}
  m_GameObject: {fileID: 8962237326067113616}
  m_LocalRotation: {x: 0.3699089, y: 0, z: 0, w: 0.929068}
  m_LocalPosition: {x: 0, y: 0, z: -0.28}
  m_LocalScale: {x: 0.15, y: 0.15, z: 2}
  m_Children:
  - {fileID: 3675827404040329868}
  - {fileID: 3454777294280695903}
  m_Father: {fileID: 8413041347976132058}
  m_RootOrder: 7
  m_LocalEulerAnglesHint: {x: 43.42, y: 0, z: 0}
  m_AnchorMin: {x: 0, y: 0}
  m_AnchorMax: {x: 0, y: 0}
  m_AnchoredPosition: {x: -7.5, y: 34.75}
  m_SizeDelta: {x: 200, y: 100}
  m_Pivot: {x: 0.5, y: 0.5}
--- !u!223 &1416963297192204226
Canvas:
  m_ObjectHideFlags: 0
  m_CorrespondingSourceObject: {fileID: 0}
  m_PrefabInstance: {fileID: 0}
  m_PrefabAsset: {fileID: 0}
  m_GameObject: {fileID: 8962237326067113616}
  m_Enabled: 1
  serializedVersion: 3
  m_RenderMode: 2
  m_Camera: {fileID: 0}
  m_PlaneDistance: 100
  m_PixelPerfect: 0
  m_ReceivesEvents: 1
  m_OverrideSorting: 0
  m_OverridePixelPerfect: 0
  m_SortingBucketNormalizedSize: 0
  m_AdditionalShaderChannelsFlag: 25
  m_SortingLayerID: 0
  m_SortingOrder: 0
  m_TargetDisplay: 0
--- !u!114 &1619548363045515598
MonoBehaviour:
  m_ObjectHideFlags: 0
  m_CorrespondingSourceObject: {fileID: 0}
  m_PrefabInstance: {fileID: 0}
  m_PrefabAsset: {fileID: 0}
  m_GameObject: {fileID: 8962237326067113616}
  m_Enabled: 1
  m_EditorHideFlags: 0
  m_Script: {fileID: 11500000, guid: 0cd44c1031e13a943bb63640046fad76, type: 3}
  m_Name: 
  m_EditorClassIdentifier: 
  m_UiScaleMode: 0
  m_ReferencePixelsPerUnit: 100
  m_ScaleFactor: 1
  m_ReferenceResolution: {x: 800, y: 600}
  m_ScreenMatchMode: 0
  m_MatchWidthOrHeight: 0
  m_PhysicalUnit: 3
  m_FallbackScreenDPI: 96
  m_DefaultSpriteDPI: 96
  m_DynamicPixelsPerUnit: 1
  m_PresetInfoIsWorld: 1
--- !u!114 &9187681703839791236
MonoBehaviour:
  m_ObjectHideFlags: 0
  m_CorrespondingSourceObject: {fileID: 0}
  m_PrefabInstance: {fileID: 0}
  m_PrefabAsset: {fileID: 0}
  m_GameObject: {fileID: 8962237326067113616}
  m_Enabled: 1
  m_EditorHideFlags: 0
  m_Script: {fileID: 11500000, guid: dc42784cf147c0c48a680349fa168899, type: 3}
  m_Name: 
  m_EditorClassIdentifier: 
  m_IgnoreReversedGraphics: 1
  m_BlockingObjects: 0
  m_BlockingMask:
    serializedVersion: 2
    m_Bits: 8191
--- !u!114 &4037034073845591049
MonoBehaviour:
  m_ObjectHideFlags: 0
  m_CorrespondingSourceObject: {fileID: 0}
  m_PrefabInstance: {fileID: 0}
  m_PrefabAsset: {fileID: 0}
  m_GameObject: {fileID: 8962237326067113616}
  m_Enabled: 1
  m_EditorHideFlags: 0
  m_Script: {fileID: 11500000, guid: 4af7114a843e9894ab9151963528c53c, type: 3}
  m_Name: 
  m_EditorClassIdentifier: 
  Cam: {fileID: 0}
--- !u!114 &5033310223957535667
MonoBehaviour:
  m_ObjectHideFlags: 0
  m_CorrespondingSourceObject: {fileID: 0}
  m_PrefabInstance: {fileID: 0}
  m_PrefabAsset: {fileID: 0}
  m_GameObject: {fileID: 8962237326067113616}
  m_Enabled: 1
  m_EditorHideFlags: 0
  m_Script: {fileID: 11500000, guid: d45be3b17d2822d45a862dff18b73ac8, type: 3}
  m_Name: 
  m_EditorClassIdentifier: 
  _ProjectileManager: {fileID: 6601403891814183648}
  _TimeLeftText: {fileID: 983475450731179932}
  _FrameImage: {fileID: 4567296131261075422}
  _TimerImage: {fileID: 5546008970664364154}
--- !u!1 &8969407620541270763
GameObject:
  m_ObjectHideFlags: 0
  m_CorrespondingSourceObject: {fileID: 0}
  m_PrefabInstance: {fileID: 0}
  m_PrefabAsset: {fileID: 0}
  serializedVersion: 6
  m_Component:
  - component: {fileID: 3675827404040329868}
  - component: {fileID: 3989513655968269503}
  - component: {fileID: 4567296131261075422}
  m_Layer: 7
  m_Name: LifeBarFrame
  m_TagString: Untagged
  m_Icon: {fileID: 0}
  m_NavMeshLayer: 0
  m_StaticEditorFlags: 0
  m_IsActive: 1
--- !u!224 &3675827404040329868
RectTransform:
  m_ObjectHideFlags: 0
  m_CorrespondingSourceObject: {fileID: 0}
  m_PrefabInstance: {fileID: 0}
  m_PrefabAsset: {fileID: 0}
  m_GameObject: {fileID: 8969407620541270763}
  m_LocalRotation: {x: 0, y: 0, z: 0, w: 1}
  m_LocalPosition: {x: 0, y: 0, z: 0}
  m_LocalScale: {x: 0.2, y: 0.2, z: 1}
  m_Children: []
  m_Father: {fileID: 3556300842139551652}
  m_RootOrder: 0
  m_LocalEulerAnglesHint: {x: 0, y: 0, z: 0}
  m_AnchorMin: {x: 0.5, y: 0.5}
  m_AnchorMax: {x: 0.5, y: 0.5}
  m_AnchoredPosition: {x: 0, y: 0}
  m_SizeDelta: {x: 111, y: 111}
  m_Pivot: {x: 0.5, y: 0.5}
--- !u!222 &3989513655968269503
CanvasRenderer:
  m_ObjectHideFlags: 0
  m_CorrespondingSourceObject: {fileID: 0}
  m_PrefabInstance: {fileID: 0}
  m_PrefabAsset: {fileID: 0}
  m_GameObject: {fileID: 8969407620541270763}
  m_CullTransparentMesh: 1
--- !u!114 &4567296131261075422
MonoBehaviour:
  m_ObjectHideFlags: 0
  m_CorrespondingSourceObject: {fileID: 0}
  m_PrefabInstance: {fileID: 0}
  m_PrefabAsset: {fileID: 0}
  m_GameObject: {fileID: 8969407620541270763}
  m_Enabled: 1
  m_EditorHideFlags: 0
  m_Script: {fileID: 11500000, guid: fe87c0e1cc204ed48ad3b37840f39efc, type: 3}
  m_Name: 
  m_EditorClassIdentifier: 
  m_Material: {fileID: 0}
  m_Color: {r: 1, g: 1, b: 1, a: 1}
  m_RaycastTarget: 1
  m_RaycastPadding: {x: 0, y: 0, z: 0, w: 0}
  m_Maskable: 1
  m_OnCullStateChanged:
    m_PersistentCalls:
      m_Calls: []
  m_Sprite: {fileID: 21300000, guid: 2d7d53c23e84bb242ae5f84ebcc31b1c, type: 3}
  m_Type: 0
  m_PreserveAspect: 0
  m_FillCenter: 1
  m_FillMethod: 4
  m_FillAmount: 1
  m_FillClockwise: 1
  m_FillOrigin: 0
  m_UseSpriteMesh: 0
  m_PixelsPerUnitMultiplier: 1
--- !u!1 &9110626557367498042
GameObject:
  m_ObjectHideFlags: 0
  m_CorrespondingSourceObject: {fileID: 0}
  m_PrefabInstance: {fileID: 0}
  m_PrefabAsset: {fileID: 0}
  serializedVersion: 6
  m_Component:
  - component: {fileID: 2747886323000923290}
  - component: {fileID: 4675296505803933861}
  - component: {fileID: 983475450731179932}
  m_Layer: 7
  m_Name: Text (TMP)
  m_TagString: Untagged
  m_Icon: {fileID: 0}
  m_NavMeshLayer: 0
  m_StaticEditorFlags: 0
  m_IsActive: 1
--- !u!224 &2747886323000923290
RectTransform:
  m_ObjectHideFlags: 0
  m_CorrespondingSourceObject: {fileID: 0}
  m_PrefabInstance: {fileID: 0}
  m_PrefabAsset: {fileID: 0}
  m_GameObject: {fileID: 9110626557367498042}
  m_LocalRotation: {x: -0, y: -0, z: -0, w: 1}
  m_LocalPosition: {x: 0, y: 0, z: 0.012998413}
  m_LocalScale: {x: 1, y: 1, z: 1}
  m_Children: []
  m_Father: {fileID: 3454777294280695903}
  m_RootOrder: 0
  m_LocalEulerAnglesHint: {x: 0, y: 0, z: 0}
  m_AnchorMin: {x: 0.5, y: 0.5}
  m_AnchorMax: {x: 0.5, y: 0.5}
  m_AnchoredPosition: {x: -0.4, y: -1.4001385}
  m_SizeDelta: {x: 200, y: 50}
  m_Pivot: {x: 0.5, y: 0.5}
--- !u!222 &4675296505803933861
CanvasRenderer:
  m_ObjectHideFlags: 0
  m_CorrespondingSourceObject: {fileID: 0}
  m_PrefabInstance: {fileID: 0}
  m_PrefabAsset: {fileID: 0}
  m_GameObject: {fileID: 9110626557367498042}
  m_CullTransparentMesh: 1
--- !u!114 &983475450731179932
MonoBehaviour:
  m_ObjectHideFlags: 0
  m_CorrespondingSourceObject: {fileID: 0}
  m_PrefabInstance: {fileID: 0}
  m_PrefabAsset: {fileID: 0}
  m_GameObject: {fileID: 9110626557367498042}
  m_Enabled: 1
  m_EditorHideFlags: 0
  m_Script: {fileID: 11500000, guid: f4688fdb7df04437aeb418b961361dc5, type: 3}
  m_Name: 
  m_EditorClassIdentifier: 
  m_Material: {fileID: 0}
  m_Color: {r: 1, g: 1, b: 1, a: 1}
  m_RaycastTarget: 1
  m_RaycastPadding: {x: 0, y: 0, z: 0, w: 0}
  m_Maskable: 1
  m_OnCullStateChanged:
    m_PersistentCalls:
      m_Calls: []
  m_text: 0.1
  m_isRightToLeft: 0
  m_fontAsset: {fileID: 11400000, guid: a39902dc3c828da4cbfe9e781a2046e8, type: 2}
  m_sharedMaterial: {fileID: -2299039584415980516, guid: a39902dc3c828da4cbfe9e781a2046e8, type: 2}
  m_fontSharedMaterials: []
  m_fontMaterial: {fileID: 0}
  m_fontMaterials: []
  m_fontColor32:
    serializedVersion: 2
    rgba: 4294967295
  m_fontColor: {r: 1, g: 1, b: 1, a: 1}
  m_enableVertexGradient: 0
  m_colorMode: 3
  m_fontColorGradient:
    topLeft: {r: 1, g: 1, b: 1, a: 1}
    topRight: {r: 1, g: 1, b: 1, a: 1}
    bottomLeft: {r: 1, g: 1, b: 1, a: 1}
    bottomRight: {r: 1, g: 1, b: 1, a: 1}
  m_fontColorGradientPreset: {fileID: 0}
  m_spriteAsset: {fileID: 0}
  m_tintAllSprites: 0
  m_StyleSheet: {fileID: 0}
  m_TextStyleHashCode: -1183493901
  m_overrideHtmlColors: 0
  m_faceColor:
    serializedVersion: 2
    rgba: 4294967295
  m_fontSize: 41.55
  m_fontSizeBase: 36
  m_fontWeight: 400
  m_enableAutoSizing: 1
  m_fontSizeMin: 18
  m_fontSizeMax: 72
  m_fontStyle: 0
  m_HorizontalAlignment: 2
  m_VerticalAlignment: 256
  m_textAlignment: 65535
  m_characterSpacing: 0
  m_wordSpacing: 0
  m_lineSpacing: 0
  m_lineSpacingMax: 0
  m_paragraphSpacing: 0
  m_charWidthMaxAdj: 0
  m_enableWordWrapping: 1
  m_wordWrappingRatios: 0.4
  m_overflowMode: 0
  m_linkedTextComponent: {fileID: 0}
  parentLinkedComponent: {fileID: 0}
  m_enableKerning: 1
  m_enableExtraPadding: 0
  checkPaddingRequired: 0
  m_isRichText: 1
  m_parseCtrlCharacters: 1
  m_isOrthographic: 1
  m_isCullingEnabled: 0
  m_horizontalMapping: 0
  m_verticalMapping: 0
  m_uvLineOffset: 0
  m_geometrySortingOrder: 0
  m_IsTextObjectScaleStatic: 0
  m_VertexBufferAutoSizeReduction: 0
  m_useMaxVisibleDescender: 1
  m_pageToDisplay: 1
  m_margin: {x: 0, y: -3.4603348, z: 0, w: 1.6290094}
  m_isUsingLegacyAnimationComponent: 0
  m_isVolumetricText: 0
  m_hasFontAssetChanged: 0
  m_baseMaterial: {fileID: 0}
  m_maskOffset: {x: 0, y: 0, z: 0, w: 0}
--- !u!1001 &290862851273583231
PrefabInstance:
  m_ObjectHideFlags: 0
  serializedVersion: 2
  m_Modification:
    m_TransformParent: {fileID: 8413041347976132058}
    m_Modifications:
    - target: {fileID: 2893324276794892687, guid: f68a12a6d5662a84fa61b7988d2df8e3, type: 3}
      propertyPath: m_Pivot.x
      value: 0.5
      objectReference: {fileID: 0}
    - target: {fileID: 2893324276794892687, guid: f68a12a6d5662a84fa61b7988d2df8e3, type: 3}
      propertyPath: m_Pivot.y
      value: 0.5
      objectReference: {fileID: 0}
    - target: {fileID: 2893324276794892687, guid: f68a12a6d5662a84fa61b7988d2df8e3, type: 3}
      propertyPath: m_RootOrder
      value: 6
      objectReference: {fileID: 0}
    - target: {fileID: 2893324276794892687, guid: f68a12a6d5662a84fa61b7988d2df8e3, type: 3}
      propertyPath: m_AnchorMax.x
      value: 0
      objectReference: {fileID: 0}
    - target: {fileID: 2893324276794892687, guid: f68a12a6d5662a84fa61b7988d2df8e3, type: 3}
      propertyPath: m_AnchorMax.y
      value: 0
      objectReference: {fileID: 0}
    - target: {fileID: 2893324276794892687, guid: f68a12a6d5662a84fa61b7988d2df8e3, type: 3}
      propertyPath: m_AnchorMin.x
      value: 0
      objectReference: {fileID: 0}
    - target: {fileID: 2893324276794892687, guid: f68a12a6d5662a84fa61b7988d2df8e3, type: 3}
      propertyPath: m_AnchorMin.y
      value: 0
      objectReference: {fileID: 0}
    - target: {fileID: 2893324276794892687, guid: f68a12a6d5662a84fa61b7988d2df8e3, type: 3}
      propertyPath: m_SizeDelta.x
      value: 200
      objectReference: {fileID: 0}
    - target: {fileID: 2893324276794892687, guid: f68a12a6d5662a84fa61b7988d2df8e3, type: 3}
      propertyPath: m_SizeDelta.y
      value: 100
      objectReference: {fileID: 0}
    - target: {fileID: 2893324276794892687, guid: f68a12a6d5662a84fa61b7988d2df8e3, type: 3}
      propertyPath: m_LocalPosition.x
      value: 0
      objectReference: {fileID: 0}
    - target: {fileID: 2893324276794892687, guid: f68a12a6d5662a84fa61b7988d2df8e3, type: 3}
      propertyPath: m_LocalPosition.y
      value: 0
      objectReference: {fileID: 0}
    - target: {fileID: 2893324276794892687, guid: f68a12a6d5662a84fa61b7988d2df8e3, type: 3}
      propertyPath: m_LocalPosition.z
      value: 42.5
      objectReference: {fileID: 0}
    - target: {fileID: 2893324276794892687, guid: f68a12a6d5662a84fa61b7988d2df8e3, type: 3}
      propertyPath: m_LocalRotation.w
      value: 1
      objectReference: {fileID: 0}
    - target: {fileID: 2893324276794892687, guid: f68a12a6d5662a84fa61b7988d2df8e3, type: 3}
      propertyPath: m_LocalRotation.x
      value: -0
      objectReference: {fileID: 0}
    - target: {fileID: 2893324276794892687, guid: f68a12a6d5662a84fa61b7988d2df8e3, type: 3}
      propertyPath: m_LocalRotation.y
      value: -0
      objectReference: {fileID: 0}
    - target: {fileID: 2893324276794892687, guid: f68a12a6d5662a84fa61b7988d2df8e3, type: 3}
      propertyPath: m_LocalRotation.z
      value: -0
      objectReference: {fileID: 0}
    - target: {fileID: 2893324276794892687, guid: f68a12a6d5662a84fa61b7988d2df8e3, type: 3}
      propertyPath: m_AnchoredPosition.x
      value: 0
      objectReference: {fileID: 0}
    - target: {fileID: 2893324276794892687, guid: f68a12a6d5662a84fa61b7988d2df8e3, type: 3}
      propertyPath: m_AnchoredPosition.y
      value: 3
      objectReference: {fileID: 0}
    - target: {fileID: 2893324276794892687, guid: f68a12a6d5662a84fa61b7988d2df8e3, type: 3}
      propertyPath: m_LocalEulerAnglesHint.x
      value: 0
      objectReference: {fileID: 0}
    - target: {fileID: 2893324276794892687, guid: f68a12a6d5662a84fa61b7988d2df8e3, type: 3}
      propertyPath: m_LocalEulerAnglesHint.y
      value: 0
      objectReference: {fileID: 0}
    - target: {fileID: 2893324276794892687, guid: f68a12a6d5662a84fa61b7988d2df8e3, type: 3}
      propertyPath: m_LocalEulerAnglesHint.z
      value: 0
      objectReference: {fileID: 0}
    - target: {fileID: 7286226623328893115, guid: f68a12a6d5662a84fa61b7988d2df8e3, type: 3}
      propertyPath: m_Name
      value: LifeBarHandler
      objectReference: {fileID: 0}
    m_RemovedComponents: []
  m_SourcePrefab: {fileID: 100100000, guid: f68a12a6d5662a84fa61b7988d2df8e3, type: 3}
--- !u!224 &3183619568540797936 stripped
RectTransform:
  m_CorrespondingSourceObject: {fileID: 2893324276794892687, guid: f68a12a6d5662a84fa61b7988d2df8e3, type: 3}
  m_PrefabInstance: {fileID: 290862851273583231}
  m_PrefabAsset: {fileID: 0}
--- !u!1001 &1049207530734177278
PrefabInstance:
  m_ObjectHideFlags: 0
  serializedVersion: 2
  m_Modification:
    m_TransformParent: {fileID: 7290550349283429186}
    m_Modifications:
    - target: {fileID: 2458605098434395318, guid: 05f976df786708e4dbbf068872319e22, type: 3}
      propertyPath: m_Name
      value: Grass (6)
      objectReference: {fileID: 0}
    - target: {fileID: 2978402053104412172, guid: 05f976df786708e4dbbf068872319e22, type: 3}
      propertyPath: m_RootOrder
      value: 4
      objectReference: {fileID: 0}
    - target: {fileID: 2978402053104412172, guid: 05f976df786708e4dbbf068872319e22, type: 3}
      propertyPath: m_LocalScale.x
      value: 3.071346
      objectReference: {fileID: 0}
    - target: {fileID: 2978402053104412172, guid: 05f976df786708e4dbbf068872319e22, type: 3}
      propertyPath: m_LocalScale.y
      value: 3.071346
      objectReference: {fileID: 0}
    - target: {fileID: 2978402053104412172, guid: 05f976df786708e4dbbf068872319e22, type: 3}
      propertyPath: m_LocalScale.z
      value: 3.0713453
      objectReference: {fileID: 0}
    - target: {fileID: 2978402053104412172, guid: 05f976df786708e4dbbf068872319e22, type: 3}
      propertyPath: m_LocalPosition.x
      value: -18.8
      objectReference: {fileID: 0}
    - target: {fileID: 2978402053104412172, guid: 05f976df786708e4dbbf068872319e22, type: 3}
      propertyPath: m_LocalPosition.y
      value: 23.3
      objectReference: {fileID: 0}
    - target: {fileID: 2978402053104412172, guid: 05f976df786708e4dbbf068872319e22, type: 3}
      propertyPath: m_LocalPosition.z
      value: 4.169998
      objectReference: {fileID: 0}
    - target: {fileID: 2978402053104412172, guid: 05f976df786708e4dbbf068872319e22, type: 3}
      propertyPath: m_LocalRotation.w
      value: 0.9871635
      objectReference: {fileID: 0}
    - target: {fileID: 2978402053104412172, guid: 05f976df786708e4dbbf068872319e22, type: 3}
      propertyPath: m_LocalRotation.x
      value: -0.15875734
      objectReference: {fileID: 0}
    - target: {fileID: 2978402053104412172, guid: 05f976df786708e4dbbf068872319e22, type: 3}
      propertyPath: m_LocalRotation.y
      value: -0.017274616
      objectReference: {fileID: 0}
    - target: {fileID: 2978402053104412172, guid: 05f976df786708e4dbbf068872319e22, type: 3}
      propertyPath: m_LocalRotation.z
      value: 0.0024764966
      objectReference: {fileID: 0}
    - target: {fileID: 2978402053104412172, guid: 05f976df786708e4dbbf068872319e22, type: 3}
      propertyPath: m_LocalEulerAnglesHint.x
      value: -18.261
      objectReference: {fileID: 0}
    - target: {fileID: 2978402053104412172, guid: 05f976df786708e4dbbf068872319e22, type: 3}
      propertyPath: m_LocalEulerAnglesHint.y
      value: -2.106
      objectReference: {fileID: 0}
    - target: {fileID: 2978402053104412172, guid: 05f976df786708e4dbbf068872319e22, type: 3}
      propertyPath: m_LocalEulerAnglesHint.z
      value: 0.626
      objectReference: {fileID: 0}
    - target: {fileID: 4115802149949726051, guid: 05f976df786708e4dbbf068872319e22, type: 3}
      propertyPath: m_Materials.Array.data[0]
      value: 
      objectReference: {fileID: 2100000, guid: bb1052c4499e9e84bbf6df66f98b2b72, type: 2}
    m_RemovedComponents: []
  m_SourcePrefab: {fileID: 100100000, guid: 05f976df786708e4dbbf068872319e22, type: 3}
--- !u!4 &2871854362182184434 stripped
Transform:
  m_CorrespondingSourceObject: {fileID: 2978402053104412172, guid: 05f976df786708e4dbbf068872319e22, type: 3}
  m_PrefabInstance: {fileID: 1049207530734177278}
  m_PrefabAsset: {fileID: 0}
--- !u!1001 &1308062416881995310
PrefabInstance:
  m_ObjectHideFlags: 0
  serializedVersion: 2
  m_Modification:
    m_TransformParent: {fileID: 7290550349283429186}
    m_Modifications:
    - target: {fileID: 5167992993531247887, guid: 9cc1382f6057be245bd83c413f3ba9d5, type: 3}
      propertyPath: m_RootOrder
      value: 0
      objectReference: {fileID: 0}
    - target: {fileID: 5167992993531247887, guid: 9cc1382f6057be245bd83c413f3ba9d5, type: 3}
      propertyPath: m_LocalScale.x
      value: 1.6103
      objectReference: {fileID: 0}
    - target: {fileID: 5167992993531247887, guid: 9cc1382f6057be245bd83c413f3ba9d5, type: 3}
      propertyPath: m_LocalScale.y
      value: 1.6103
      objectReference: {fileID: 0}
    - target: {fileID: 5167992993531247887, guid: 9cc1382f6057be245bd83c413f3ba9d5, type: 3}
      propertyPath: m_LocalScale.z
      value: 1.4842299
      objectReference: {fileID: 0}
    - target: {fileID: 5167992993531247887, guid: 9cc1382f6057be245bd83c413f3ba9d5, type: 3}
      propertyPath: m_LocalPosition.x
      value: 1.6484483
      objectReference: {fileID: 0}
    - target: {fileID: 5167992993531247887, guid: 9cc1382f6057be245bd83c413f3ba9d5, type: 3}
      propertyPath: m_LocalPosition.y
      value: -4.7799997
      objectReference: {fileID: 0}
    - target: {fileID: 5167992993531247887, guid: 9cc1382f6057be245bd83c413f3ba9d5, type: 3}
      propertyPath: m_LocalPosition.z
      value: 5.480011
      objectReference: {fileID: 0}
    - target: {fileID: 5167992993531247887, guid: 9cc1382f6057be245bd83c413f3ba9d5, type: 3}
      propertyPath: m_LocalRotation.w
      value: -0.027929906
      objectReference: {fileID: 0}
    - target: {fileID: 5167992993531247887, guid: 9cc1382f6057be245bd83c413f3ba9d5, type: 3}
      propertyPath: m_LocalRotation.x
      value: -6.104254e-10
      objectReference: {fileID: 0}
    - target: {fileID: 5167992993531247887, guid: 9cc1382f6057be245bd83c413f3ba9d5, type: 3}
      propertyPath: m_LocalRotation.y
      value: -0.9996099
      objectReference: {fileID: 0}
    - target: {fileID: 5167992993531247887, guid: 9cc1382f6057be245bd83c413f3ba9d5, type: 3}
      propertyPath: m_LocalRotation.z
      value: 0.00000018470442
      objectReference: {fileID: 0}
    - target: {fileID: 5167992993531247887, guid: 9cc1382f6057be245bd83c413f3ba9d5, type: 3}
      propertyPath: m_LocalEulerAnglesHint.x
      value: 0
      objectReference: {fileID: 0}
    - target: {fileID: 5167992993531247887, guid: 9cc1382f6057be245bd83c413f3ba9d5, type: 3}
      propertyPath: m_LocalEulerAnglesHint.y
      value: -183.201
      objectReference: {fileID: 0}
    - target: {fileID: 5167992993531247887, guid: 9cc1382f6057be245bd83c413f3ba9d5, type: 3}
      propertyPath: m_LocalEulerAnglesHint.z
      value: 0
      objectReference: {fileID: 0}
    - target: {fileID: 5544976311108462517, guid: 9cc1382f6057be245bd83c413f3ba9d5, type: 3}
      propertyPath: m_Name
      value: Rock09
      objectReference: {fileID: 0}
    - target: {fileID: 6337491442566219360, guid: 9cc1382f6057be245bd83c413f3ba9d5, type: 3}
      propertyPath: m_Materials.Array.data[0]
      value: 
      objectReference: {fileID: 2100000, guid: c42ff561d1ea6a246a8685bc488e1f53, type: 2}
    m_RemovedComponents: []
  m_SourcePrefab: {fileID: 100100000, guid: 9cc1382f6057be245bd83c413f3ba9d5, type: 3}
--- !u!4 &6169735679311442721 stripped
Transform:
  m_CorrespondingSourceObject: {fileID: 5167992993531247887, guid: 9cc1382f6057be245bd83c413f3ba9d5, type: 3}
  m_PrefabInstance: {fileID: 1308062416881995310}
  m_PrefabAsset: {fileID: 0}
--- !u!1001 &1578849493031724178
PrefabInstance:
  m_ObjectHideFlags: 0
  serializedVersion: 2
  m_Modification:
    m_TransformParent: {fileID: 7290550349283429186}
    m_Modifications:
    - target: {fileID: 324580937216068682, guid: 53c5447270056104e9c74dc990add927, type: 3}
      propertyPath: m_Materials.Array.data[0]
      value: 
      objectReference: {fileID: 2100000, guid: fac6f31ee5577c943aa6274b22f28f58, type: 2}
    - target: {fileID: 1498019138277177125, guid: 53c5447270056104e9c74dc990add927, type: 3}
      propertyPath: m_RootOrder
      value: 2
      objectReference: {fileID: 0}
    - target: {fileID: 1498019138277177125, guid: 53c5447270056104e9c74dc990add927, type: 3}
      propertyPath: m_LocalPosition.x
      value: 5.76
      objectReference: {fileID: 0}
    - target: {fileID: 1498019138277177125, guid: 53c5447270056104e9c74dc990add927, type: 3}
      propertyPath: m_LocalPosition.y
      value: 33.09
      objectReference: {fileID: 0}
    - target: {fileID: 1498019138277177125, guid: 53c5447270056104e9c74dc990add927, type: 3}
      propertyPath: m_LocalPosition.z
      value: 1.1900177
      objectReference: {fileID: 0}
    - target: {fileID: 1498019138277177125, guid: 53c5447270056104e9c74dc990add927, type: 3}
      propertyPath: m_LocalRotation.w
      value: 1
      objectReference: {fileID: 0}
    - target: {fileID: 1498019138277177125, guid: 53c5447270056104e9c74dc990add927, type: 3}
      propertyPath: m_LocalRotation.x
      value: 0.000000021855694
      objectReference: {fileID: 0}
    - target: {fileID: 1498019138277177125, guid: 53c5447270056104e9c74dc990add927, type: 3}
      propertyPath: m_LocalRotation.y
      value: -0
      objectReference: {fileID: 0}
    - target: {fileID: 1498019138277177125, guid: 53c5447270056104e9c74dc990add927, type: 3}
      propertyPath: m_LocalRotation.z
      value: -0
      objectReference: {fileID: 0}
    - target: {fileID: 1498019138277177125, guid: 53c5447270056104e9c74dc990add927, type: 3}
      propertyPath: m_LocalEulerAnglesHint.x
      value: 0
      objectReference: {fileID: 0}
    - target: {fileID: 1498019138277177125, guid: 53c5447270056104e9c74dc990add927, type: 3}
      propertyPath: m_LocalEulerAnglesHint.y
      value: 0
      objectReference: {fileID: 0}
    - target: {fileID: 1498019138277177125, guid: 53c5447270056104e9c74dc990add927, type: 3}
      propertyPath: m_LocalEulerAnglesHint.z
      value: 0
      objectReference: {fileID: 0}
    - target: {fileID: 2270334095186668959, guid: 53c5447270056104e9c74dc990add927, type: 3}
      propertyPath: m_Name
      value: Ball_box 1
      objectReference: {fileID: 0}
    m_RemovedComponents: []
  m_SourcePrefab: {fileID: 100100000, guid: 53c5447270056104e9c74dc990add927, type: 3}
--- !u!4 &81974396940014519 stripped
Transform:
  m_CorrespondingSourceObject: {fileID: 1498019138277177125, guid: 53c5447270056104e9c74dc990add927, type: 3}
  m_PrefabInstance: {fileID: 1578849493031724178}
  m_PrefabAsset: {fileID: 0}
--- !u!1001 &2748481443892487085
PrefabInstance:
  m_ObjectHideFlags: 0
  serializedVersion: 2
  m_Modification:
    m_TransformParent: {fileID: 7290550349283429186}
    m_Modifications:
    - target: {fileID: 2458605098434395318, guid: 05f976df786708e4dbbf068872319e22, type: 3}
      propertyPath: m_Name
      value: Grass (5)
      objectReference: {fileID: 0}
    - target: {fileID: 2978402053104412172, guid: 05f976df786708e4dbbf068872319e22, type: 3}
      propertyPath: m_RootOrder
      value: 3
      objectReference: {fileID: 0}
    - target: {fileID: 2978402053104412172, guid: 05f976df786708e4dbbf068872319e22, type: 3}
      propertyPath: m_LocalScale.x
      value: 3.0713453
      objectReference: {fileID: 0}
    - target: {fileID: 2978402053104412172, guid: 05f976df786708e4dbbf068872319e22, type: 3}
      propertyPath: m_LocalScale.y
      value: 3.0713453
      objectReference: {fileID: 0}
    - target: {fileID: 2978402053104412172, guid: 05f976df786708e4dbbf068872319e22, type: 3}
      propertyPath: m_LocalScale.z
      value: 3.0713446
      objectReference: {fileID: 0}
    - target: {fileID: 2978402053104412172, guid: 05f976df786708e4dbbf068872319e22, type: 3}
      propertyPath: m_LocalPosition.x
      value: 1.8741064
      objectReference: {fileID: 0}
    - target: {fileID: 2978402053104412172, guid: 05f976df786708e4dbbf068872319e22, type: 3}
      propertyPath: m_LocalPosition.y
      value: 23.91
      objectReference: {fileID: 0}
    - target: {fileID: 2978402053104412172, guid: 05f976df786708e4dbbf068872319e22, type: 3}
      propertyPath: m_LocalPosition.z
      value: -9.199997
      objectReference: {fileID: 0}
    - target: {fileID: 2978402053104412172, guid: 05f976df786708e4dbbf068872319e22, type: 3}
      propertyPath: m_LocalRotation.w
      value: 0.9625361
      objectReference: {fileID: 0}
    - target: {fileID: 2978402053104412172, guid: 05f976df786708e4dbbf068872319e22, type: 3}
      propertyPath: m_LocalRotation.x
      value: -0.19821976
      objectReference: {fileID: 0}
    - target: {fileID: 2978402053104412172, guid: 05f976df786708e4dbbf068872319e22, type: 3}
      propertyPath: m_LocalRotation.y
      value: -0.07664263
      objectReference: {fileID: 0}
    - target: {fileID: 2978402053104412172, guid: 05f976df786708e4dbbf068872319e22, type: 3}
      propertyPath: m_LocalRotation.z
      value: 0.16840181
      objectReference: {fileID: 0}
    - target: {fileID: 2978402053104412172, guid: 05f976df786708e4dbbf068872319e22, type: 3}
      propertyPath: m_LocalEulerAnglesHint.x
      value: -20.841
      objectReference: {fileID: 0}
    - target: {fileID: 2978402053104412172, guid: 05f976df786708e4dbbf068872319e22, type: 3}
      propertyPath: m_LocalEulerAnglesHint.y
      value: -13.256
      objectReference: {fileID: 0}
    - target: {fileID: 2978402053104412172, guid: 05f976df786708e4dbbf068872319e22, type: 3}
      propertyPath: m_LocalEulerAnglesHint.z
      value: 22.296
      objectReference: {fileID: 0}
    - target: {fileID: 4115802149949726051, guid: 05f976df786708e4dbbf068872319e22, type: 3}
      propertyPath: m_Materials.Array.data[0]
      value: 
      objectReference: {fileID: 2100000, guid: bb1052c4499e9e84bbf6df66f98b2b72, type: 2}
    m_RemovedComponents: []
  m_SourcePrefab: {fileID: 100100000, guid: 05f976df786708e4dbbf068872319e22, type: 3}
--- !u!4 &1112945103076574625 stripped
Transform:
  m_CorrespondingSourceObject: {fileID: 2978402053104412172, guid: 05f976df786708e4dbbf068872319e22, type: 3}
  m_PrefabInstance: {fileID: 2748481443892487085}
  m_PrefabAsset: {fileID: 0}
--- !u!1001 &3657836654917043877
PrefabInstance:
  m_ObjectHideFlags: 0
  serializedVersion: 2
  m_Modification:
    m_TransformParent: {fileID: 7290550349283429186}
    m_Modifications:
    - target: {fileID: 54430414800194127, guid: f42d3d93bb5aa5b4f8ae3ef8a1f37307, type: 3}
      propertyPath: m_Materials.Array.data[0]
      value: 
      objectReference: {fileID: 2100000, guid: fac6f31ee5577c943aa6274b22f28f58, type: 2}
    - target: {fileID: 54430414800194127, guid: f42d3d93bb5aa5b4f8ae3ef8a1f37307, type: 3}
      propertyPath: m_BlendShapeWeights.Array.data[0]
      value: 100
      objectReference: {fileID: 0}
    - target: {fileID: 54430414800194127, guid: f42d3d93bb5aa5b4f8ae3ef8a1f37307, type: 3}
      propertyPath: m_BlendShapeWeights.Array.data[1]
      value: 0
      objectReference: {fileID: 0}
    - target: {fileID: 5047963683528978188, guid: f42d3d93bb5aa5b4f8ae3ef8a1f37307, type: 3}
      propertyPath: m_Name
      value: Arc
      objectReference: {fileID: 0}
    - target: {fileID: 5568182609862817206, guid: f42d3d93bb5aa5b4f8ae3ef8a1f37307, type: 3}
      propertyPath: m_RootOrder
      value: 1
      objectReference: {fileID: 0}
    - target: {fileID: 5568182609862817206, guid: f42d3d93bb5aa5b4f8ae3ef8a1f37307, type: 3}
      propertyPath: m_LocalPosition.x
      value: -2.59
      objectReference: {fileID: 0}
    - target: {fileID: 5568182609862817206, guid: f42d3d93bb5aa5b4f8ae3ef8a1f37307, type: 3}
      propertyPath: m_LocalPosition.y
      value: 33.02
      objectReference: {fileID: 0}
    - target: {fileID: 5568182609862817206, guid: f42d3d93bb5aa5b4f8ae3ef8a1f37307, type: 3}
      propertyPath: m_LocalPosition.z
      value: 0.000015258789
      objectReference: {fileID: 0}
    - target: {fileID: 5568182609862817206, guid: f42d3d93bb5aa5b4f8ae3ef8a1f37307, type: 3}
      propertyPath: m_LocalRotation.w
      value: 1
      objectReference: {fileID: 0}
    - target: {fileID: 5568182609862817206, guid: f42d3d93bb5aa5b4f8ae3ef8a1f37307, type: 3}
      propertyPath: m_LocalRotation.x
      value: 0.000000021855694
      objectReference: {fileID: 0}
    - target: {fileID: 5568182609862817206, guid: f42d3d93bb5aa5b4f8ae3ef8a1f37307, type: 3}
      propertyPath: m_LocalRotation.y
      value: -0
      objectReference: {fileID: 0}
    - target: {fileID: 5568182609862817206, guid: f42d3d93bb5aa5b4f8ae3ef8a1f37307, type: 3}
      propertyPath: m_LocalRotation.z
      value: -0
      objectReference: {fileID: 0}
    - target: {fileID: 5568182609862817206, guid: f42d3d93bb5aa5b4f8ae3ef8a1f37307, type: 3}
      propertyPath: m_LocalEulerAnglesHint.x
      value: 0
      objectReference: {fileID: 0}
    - target: {fileID: 5568182609862817206, guid: f42d3d93bb5aa5b4f8ae3ef8a1f37307, type: 3}
      propertyPath: m_LocalEulerAnglesHint.y
      value: 0
      objectReference: {fileID: 0}
    - target: {fileID: 5568182609862817206, guid: f42d3d93bb5aa5b4f8ae3ef8a1f37307, type: 3}
      propertyPath: m_LocalEulerAnglesHint.z
      value: 0
      objectReference: {fileID: 0}
    - target: {fileID: 8977285756046135515, guid: f42d3d93bb5aa5b4f8ae3ef8a1f37307, type: 3}
      propertyPath: _Player
      value: 
      objectReference: {fileID: 5187260001684703618}
    - target: {fileID: 8977285756046135515, guid: f42d3d93bb5aa5b4f8ae3ef8a1f37307, type: 3}
      propertyPath: _SpringMesh
      value: 
      objectReference: {fileID: 3603547252517194986}
    - target: {fileID: 8977285756046135515, guid: f42d3d93bb5aa5b4f8ae3ef8a1f37307, type: 3}
      propertyPath: SpringWawe.m_Curve.Array.size
      value: 7
      objectReference: {fileID: 0}
    - target: {fileID: 8977285756046135515, guid: f42d3d93bb5aa5b4f8ae3ef8a1f37307, type: 3}
      propertyPath: SpringWawe.m_Curve.Array.data[0].time
      value: -0.014099121
      objectReference: {fileID: 0}
    - target: {fileID: 8977285756046135515, guid: f42d3d93bb5aa5b4f8ae3ef8a1f37307, type: 3}
      propertyPath: SpringWawe.m_Curve.Array.data[1].time
      value: 0.1598518
      objectReference: {fileID: 0}
    - target: {fileID: 8977285756046135515, guid: f42d3d93bb5aa5b4f8ae3ef8a1f37307, type: 3}
      propertyPath: SpringWawe.m_Curve.Array.data[2].time
      value: 0.34769028
      objectReference: {fileID: 0}
    - target: {fileID: 8977285756046135515, guid: f42d3d93bb5aa5b4f8ae3ef8a1f37307, type: 3}
      propertyPath: SpringWawe.m_Curve.Array.data[3].time
      value: 0.5156939
      objectReference: {fileID: 0}
    - target: {fileID: 8977285756046135515, guid: f42d3d93bb5aa5b4f8ae3ef8a1f37307, type: 3}
      propertyPath: SpringWawe.m_Curve.Array.data[4].time
      value: 0.74878347
      objectReference: {fileID: 0}
    - target: {fileID: 8977285756046135515, guid: f42d3d93bb5aa5b4f8ae3ef8a1f37307, type: 3}
      propertyPath: SpringWawe.m_Curve.Array.data[5].time
      value: 0.9394194
      objectReference: {fileID: 0}
    - target: {fileID: 8977285756046135515, guid: f42d3d93bb5aa5b4f8ae3ef8a1f37307, type: 3}
      propertyPath: SpringWawe.m_Curve.Array.data[6].time
      value: 1.0145698
      objectReference: {fileID: 0}
    - target: {fileID: 8977285756046135515, guid: f42d3d93bb5aa5b4f8ae3ef8a1f37307, type: 3}
      propertyPath: SpringWawe.m_Curve.Array.data[0].value
      value: 0.6014595
      objectReference: {fileID: 0}
    - target: {fileID: 8977285756046135515, guid: f42d3d93bb5aa5b4f8ae3ef8a1f37307, type: 3}
      propertyPath: SpringWawe.m_Curve.Array.data[1].value
      value: 0.99902177
      objectReference: {fileID: 0}
    - target: {fileID: 8977285756046135515, guid: f42d3d93bb5aa5b4f8ae3ef8a1f37307, type: 3}
      propertyPath: SpringWawe.m_Curve.Array.data[2].value
      value: 0.09924166
      objectReference: {fileID: 0}
    - target: {fileID: 8977285756046135515, guid: f42d3d93bb5aa5b4f8ae3ef8a1f37307, type: 3}
      propertyPath: SpringWawe.m_Curve.Array.data[3].value
      value: 0.7967089
      objectReference: {fileID: 0}
    - target: {fileID: 8977285756046135515, guid: f42d3d93bb5aa5b4f8ae3ef8a1f37307, type: 3}
      propertyPath: SpringWawe.m_Curve.Array.data[4].value
      value: 0.3953794
      objectReference: {fileID: 0}
    - target: {fileID: 8977285756046135515, guid: f42d3d93bb5aa5b4f8ae3ef8a1f37307, type: 3}
      propertyPath: SpringWawe.m_Curve.Array.data[5].value
      value: 0.7572722
      objectReference: {fileID: 0}
    - target: {fileID: 8977285756046135515, guid: f42d3d93bb5aa5b4f8ae3ef8a1f37307, type: 3}
      propertyPath: SpringWawe.m_Curve.Array.data[6].value
      value: 0.5942431
      objectReference: {fileID: 0}
    - target: {fileID: 8977285756046135515, guid: f42d3d93bb5aa5b4f8ae3ef8a1f37307, type: 3}
      propertyPath: SpringWawe.m_Curve.Array.data[0].inSlope
      value: -0.00043027702
      objectReference: {fileID: 0}
    - target: {fileID: 8977285756046135515, guid: f42d3d93bb5aa5b4f8ae3ef8a1f37307, type: 3}
      propertyPath: SpringWawe.m_Curve.Array.data[1].inSlope
      value: -0.0016169092
      objectReference: {fileID: 0}
    - target: {fileID: 8977285756046135515, guid: f42d3d93bb5aa5b4f8ae3ef8a1f37307, type: 3}
      propertyPath: SpringWawe.m_Curve.Array.data[2].inSlope
      value: -0.0011827946
      objectReference: {fileID: 0}
    - target: {fileID: 8977285756046135515, guid: f42d3d93bb5aa5b4f8ae3ef8a1f37307, type: 3}
      propertyPath: SpringWawe.m_Curve.Array.data[3].inSlope
      value: 0.0023241895
      objectReference: {fileID: 0}
    - target: {fileID: 8977285756046135515, guid: f42d3d93bb5aa5b4f8ae3ef8a1f37307, type: 3}
      propertyPath: SpringWawe.m_Curve.Array.data[4].inSlope
      value: -0.009784847
      objectReference: {fileID: 0}
    - target: {fileID: 8977285756046135515, guid: f42d3d93bb5aa5b4f8ae3ef8a1f37307, type: 3}
      propertyPath: SpringWawe.m_Curve.Array.data[5].inSlope
      value: 0.0040798294
      objectReference: {fileID: 0}
    - target: {fileID: 8977285756046135515, guid: f42d3d93bb5aa5b4f8ae3ef8a1f37307, type: 3}
      propertyPath: SpringWawe.m_Curve.Array.data[6].inSlope
      value: -0.0036664945
      objectReference: {fileID: 0}
    - target: {fileID: 8977285756046135515, guid: f42d3d93bb5aa5b4f8ae3ef8a1f37307, type: 3}
      propertyPath: SpringWawe.m_Curve.Array.data[0].outSlope
      value: -0.00043027702
      objectReference: {fileID: 0}
    - target: {fileID: 8977285756046135515, guid: f42d3d93bb5aa5b4f8ae3ef8a1f37307, type: 3}
      propertyPath: SpringWawe.m_Curve.Array.data[1].inWeight
      value: 0.33333334
      objectReference: {fileID: 0}
    - target: {fileID: 8977285756046135515, guid: f42d3d93bb5aa5b4f8ae3ef8a1f37307, type: 3}
      propertyPath: SpringWawe.m_Curve.Array.data[1].outSlope
      value: -0.0016169092
      objectReference: {fileID: 0}
    - target: {fileID: 8977285756046135515, guid: f42d3d93bb5aa5b4f8ae3ef8a1f37307, type: 3}
      propertyPath: SpringWawe.m_Curve.Array.data[2].inWeight
      value: 0.33333334
      objectReference: {fileID: 0}
    - target: {fileID: 8977285756046135515, guid: f42d3d93bb5aa5b4f8ae3ef8a1f37307, type: 3}
      propertyPath: SpringWawe.m_Curve.Array.data[2].outSlope
      value: -0.0011827946
      objectReference: {fileID: 0}
    - target: {fileID: 8977285756046135515, guid: f42d3d93bb5aa5b4f8ae3ef8a1f37307, type: 3}
      propertyPath: SpringWawe.m_Curve.Array.data[3].inWeight
      value: 1
      objectReference: {fileID: 0}
    - target: {fileID: 8977285756046135515, guid: f42d3d93bb5aa5b4f8ae3ef8a1f37307, type: 3}
      propertyPath: SpringWawe.m_Curve.Array.data[3].outSlope
      value: 0.0023241895
      objectReference: {fileID: 0}
    - target: {fileID: 8977285756046135515, guid: f42d3d93bb5aa5b4f8ae3ef8a1f37307, type: 3}
      propertyPath: SpringWawe.m_Curve.Array.data[4].inWeight
      value: 0.33333334
      objectReference: {fileID: 0}
    - target: {fileID: 8977285756046135515, guid: f42d3d93bb5aa5b4f8ae3ef8a1f37307, type: 3}
      propertyPath: SpringWawe.m_Curve.Array.data[4].outSlope
      value: -0.009784847
      objectReference: {fileID: 0}
    - target: {fileID: 8977285756046135515, guid: f42d3d93bb5aa5b4f8ae3ef8a1f37307, type: 3}
      propertyPath: SpringWawe.m_Curve.Array.data[5].inWeight
      value: 1
      objectReference: {fileID: 0}
    - target: {fileID: 8977285756046135515, guid: f42d3d93bb5aa5b4f8ae3ef8a1f37307, type: 3}
      propertyPath: SpringWawe.m_Curve.Array.data[5].outSlope
      value: 0.0040798294
      objectReference: {fileID: 0}
    - target: {fileID: 8977285756046135515, guid: f42d3d93bb5aa5b4f8ae3ef8a1f37307, type: 3}
      propertyPath: SpringWawe.m_Curve.Array.data[6].inWeight
      value: 1
      objectReference: {fileID: 0}
    - target: {fileID: 8977285756046135515, guid: f42d3d93bb5aa5b4f8ae3ef8a1f37307, type: 3}
      propertyPath: SpringWawe.m_Curve.Array.data[6].outSlope
      value: -0.0036664945
      objectReference: {fileID: 0}
    - target: {fileID: 8977285756046135515, guid: f42d3d93bb5aa5b4f8ae3ef8a1f37307, type: 3}
      propertyPath: SpringWawe.m_Curve.Array.data[0].outWeight
      value: 1
      objectReference: {fileID: 0}
    - target: {fileID: 8977285756046135515, guid: f42d3d93bb5aa5b4f8ae3ef8a1f37307, type: 3}
      propertyPath: SpringWawe.m_Curve.Array.data[1].outWeight
      value: 0.285859
      objectReference: {fileID: 0}
    - target: {fileID: 8977285756046135515, guid: f42d3d93bb5aa5b4f8ae3ef8a1f37307, type: 3}
      propertyPath: SpringWawe.m_Curve.Array.data[2].outWeight
      value: 0.46129206
      objectReference: {fileID: 0}
    - target: {fileID: 8977285756046135515, guid: f42d3d93bb5aa5b4f8ae3ef8a1f37307, type: 3}
      propertyPath: SpringWawe.m_Curve.Array.data[3].outWeight
      value: 0.33333334
      objectReference: {fileID: 0}
    - target: {fileID: 8977285756046135515, guid: f42d3d93bb5aa5b4f8ae3ef8a1f37307, type: 3}
      propertyPath: SpringWawe.m_Curve.Array.data[4].outWeight
      value: 1
      objectReference: {fileID: 0}
    - target: {fileID: 8977285756046135515, guid: f42d3d93bb5aa5b4f8ae3ef8a1f37307, type: 3}
      propertyPath: SpringWawe.m_Curve.Array.data[5].outWeight
      value: 0.33333334
      objectReference: {fileID: 0}
    - target: {fileID: 8977285756046135515, guid: f42d3d93bb5aa5b4f8ae3ef8a1f37307, type: 3}
      propertyPath: SpringWawe.m_Curve.Array.data[0].tangentMode
      value: 0
      objectReference: {fileID: 0}
    - target: {fileID: 8977285756046135515, guid: f42d3d93bb5aa5b4f8ae3ef8a1f37307, type: 3}
      propertyPath: SpringWawe.m_Curve.Array.data[1].tangentMode
      value: 0
      objectReference: {fileID: 0}
    - target: {fileID: 8977285756046135515, guid: f42d3d93bb5aa5b4f8ae3ef8a1f37307, type: 3}
      propertyPath: SpringWawe.m_Curve.Array.data[2].tangentMode
      value: 0
      objectReference: {fileID: 0}
    - target: {fileID: 8977285756046135515, guid: f42d3d93bb5aa5b4f8ae3ef8a1f37307, type: 3}
      propertyPath: SpringWawe.m_Curve.Array.data[3].tangentMode
      value: 0
      objectReference: {fileID: 0}
    - target: {fileID: 8977285756046135515, guid: f42d3d93bb5aa5b4f8ae3ef8a1f37307, type: 3}
      propertyPath: SpringWawe.m_Curve.Array.data[4].tangentMode
      value: 0
      objectReference: {fileID: 0}
    - target: {fileID: 8977285756046135515, guid: f42d3d93bb5aa5b4f8ae3ef8a1f37307, type: 3}
      propertyPath: SpringWawe.m_Curve.Array.data[5].tangentMode
      value: 0
      objectReference: {fileID: 0}
    - target: {fileID: 8977285756046135515, guid: f42d3d93bb5aa5b4f8ae3ef8a1f37307, type: 3}
      propertyPath: SpringWawe.m_Curve.Array.data[6].tangentMode
      value: 0
      objectReference: {fileID: 0}
    m_RemovedComponents: []
  m_SourcePrefab: {fileID: 100100000, guid: f42d3d93bb5aa5b4f8ae3ef8a1f37307, type: 3}
--- !u!137 &3603547252517194986 stripped
SkinnedMeshRenderer:
  m_CorrespondingSourceObject: {fileID: 54430414800194127, guid: f42d3d93bb5aa5b4f8ae3ef8a1f37307, type: 3}
  m_PrefabInstance: {fileID: 3657836654917043877}
  m_PrefabAsset: {fileID: 0}
--- !u!4 &9188776572291298067 stripped
Transform:
  m_CorrespondingSourceObject: {fileID: 5568182609862817206, guid: f42d3d93bb5aa5b4f8ae3ef8a1f37307, type: 3}
  m_PrefabInstance: {fileID: 3657836654917043877}
  m_PrefabAsset: {fileID: 0}
--- !u!1001 &3980930257313430587
PrefabInstance:
  m_ObjectHideFlags: 0
  serializedVersion: 2
  m_Modification:
    m_TransformParent: {fileID: 7290550349283429186}
    m_Modifications:
    - target: {fileID: 5167992993531247887, guid: 9cc1382f6057be245bd83c413f3ba9d5, type: 3}
      propertyPath: m_RootOrder
      value: 5
      objectReference: {fileID: 0}
    - target: {fileID: 5167992993531247887, guid: 9cc1382f6057be245bd83c413f3ba9d5, type: 3}
      propertyPath: m_LocalScale.x
      value: 0.97249234
      objectReference: {fileID: 0}
    - target: {fileID: 5167992993531247887, guid: 9cc1382f6057be245bd83c413f3ba9d5, type: 3}
      propertyPath: m_LocalScale.y
      value: 0.97249234
      objectReference: {fileID: 0}
    - target: {fileID: 5167992993531247887, guid: 9cc1382f6057be245bd83c413f3ba9d5, type: 3}
      propertyPath: m_LocalScale.z
      value: 0.89635587
      objectReference: {fileID: 0}
    - target: {fileID: 5167992993531247887, guid: 9cc1382f6057be245bd83c413f3ba9d5, type: 3}
      propertyPath: m_LocalPosition.x
      value: 0.2
      objectReference: {fileID: 0}
    - target: {fileID: 5167992993531247887, guid: 9cc1382f6057be245bd83c413f3ba9d5, type: 3}
      propertyPath: m_LocalPosition.y
      value: 17.62
      objectReference: {fileID: 0}
    - target: {fileID: 5167992993531247887, guid: 9cc1382f6057be245bd83c413f3ba9d5, type: 3}
      propertyPath: m_LocalPosition.z
      value: 0.68000793
      objectReference: {fileID: 0}
    - target: {fileID: 5167992993531247887, guid: 9cc1382f6057be245bd83c413f3ba9d5, type: 3}
      propertyPath: m_LocalRotation.w
      value: 1
      objectReference: {fileID: 0}
    - target: {fileID: 5167992993531247887, guid: 9cc1382f6057be245bd83c413f3ba9d5, type: 3}
      propertyPath: m_LocalRotation.x
      value: -0
      objectReference: {fileID: 0}
    - target: {fileID: 5167992993531247887, guid: 9cc1382f6057be245bd83c413f3ba9d5, type: 3}
      propertyPath: m_LocalRotation.y
      value: -0
      objectReference: {fileID: 0}
    - target: {fileID: 5167992993531247887, guid: 9cc1382f6057be245bd83c413f3ba9d5, type: 3}
      propertyPath: m_LocalRotation.z
      value: -0
      objectReference: {fileID: 0}
    - target: {fileID: 5167992993531247887, guid: 9cc1382f6057be245bd83c413f3ba9d5, type: 3}
      propertyPath: m_LocalEulerAnglesHint.x
      value: 0
      objectReference: {fileID: 0}
    - target: {fileID: 5167992993531247887, guid: 9cc1382f6057be245bd83c413f3ba9d5, type: 3}
      propertyPath: m_LocalEulerAnglesHint.y
      value: 0
      objectReference: {fileID: 0}
    - target: {fileID: 5167992993531247887, guid: 9cc1382f6057be245bd83c413f3ba9d5, type: 3}
      propertyPath: m_LocalEulerAnglesHint.z
      value: 0
      objectReference: {fileID: 0}
    - target: {fileID: 5544976311108462517, guid: 9cc1382f6057be245bd83c413f3ba9d5, type: 3}
      propertyPath: m_Name
      value: Rock09 (1)
      objectReference: {fileID: 0}
    - target: {fileID: 6337491442566219360, guid: 9cc1382f6057be245bd83c413f3ba9d5, type: 3}
      propertyPath: m_Materials.Array.data[0]
      value: 
      objectReference: {fileID: 2100000, guid: c42ff561d1ea6a246a8685bc488e1f53, type: 2}
    m_RemovedComponents: []
  m_SourcePrefab: {fileID: 100100000, guid: 9cc1382f6057be245bd83c413f3ba9d5, type: 3}
--- !u!4 &8108586840524996916 stripped
Transform:
  m_CorrespondingSourceObject: {fileID: 5167992993531247887, guid: 9cc1382f6057be245bd83c413f3ba9d5, type: 3}
  m_PrefabInstance: {fileID: 3980930257313430587}
  m_PrefabAsset: {fileID: 0}
--- !u!1001 &6124255972519991169
PrefabInstance:
  m_ObjectHideFlags: 0
  serializedVersion: 2
  m_Modification:
    m_TransformParent: {fileID: 7290550349283429186}
    m_Modifications:
    - target: {fileID: 2458605098434395318, guid: 05f976df786708e4dbbf068872319e22, type: 3}
      propertyPath: m_Name
      value: Grass (10)
      objectReference: {fileID: 0}
    - target: {fileID: 2978402053104412172, guid: 05f976df786708e4dbbf068872319e22, type: 3}
      propertyPath: m_RootOrder
      value: 6
      objectReference: {fileID: 0}
    - target: {fileID: 2978402053104412172, guid: 05f976df786708e4dbbf068872319e22, type: 3}
      propertyPath: m_LocalScale.x
      value: 1.956417
      objectReference: {fileID: 0}
    - target: {fileID: 2978402053104412172, guid: 05f976df786708e4dbbf068872319e22, type: 3}
      propertyPath: m_LocalScale.y
      value: 1.9564166
      objectReference: {fileID: 0}
    - target: {fileID: 2978402053104412172, guid: 05f976df786708e4dbbf068872319e22, type: 3}
      propertyPath: m_LocalScale.z
      value: 1.9564166
      objectReference: {fileID: 0}
    - target: {fileID: 2978402053104412172, guid: 05f976df786708e4dbbf068872319e22, type: 3}
      propertyPath: m_LocalPosition.x
      value: -13.71
      objectReference: {fileID: 0}
    - target: {fileID: 2978402053104412172, guid: 05f976df786708e4dbbf068872319e22, type: 3}
      propertyPath: m_LocalPosition.y
      value: 22.4
      objectReference: {fileID: 0}
    - target: {fileID: 2978402053104412172, guid: 05f976df786708e4dbbf068872319e22, type: 3}
      propertyPath: m_LocalPosition.z
      value: -4.3600006
      objectReference: {fileID: 0}
    - target: {fileID: 2978402053104412172, guid: 05f976df786708e4dbbf068872319e22, type: 3}
      propertyPath: m_LocalRotation.w
      value: 0.9871635
      objectReference: {fileID: 0}
    - target: {fileID: 2978402053104412172, guid: 05f976df786708e4dbbf068872319e22, type: 3}
      propertyPath: m_LocalRotation.x
      value: -0.15875734
      objectReference: {fileID: 0}
    - target: {fileID: 2978402053104412172, guid: 05f976df786708e4dbbf068872319e22, type: 3}
      propertyPath: m_LocalRotation.y
      value: -0.017274616
      objectReference: {fileID: 0}
    - target: {fileID: 2978402053104412172, guid: 05f976df786708e4dbbf068872319e22, type: 3}
      propertyPath: m_LocalRotation.z
      value: 0.0024764966
      objectReference: {fileID: 0}
    - target: {fileID: 2978402053104412172, guid: 05f976df786708e4dbbf068872319e22, type: 3}
      propertyPath: m_LocalEulerAnglesHint.x
      value: -18.261
      objectReference: {fileID: 0}
    - target: {fileID: 2978402053104412172, guid: 05f976df786708e4dbbf068872319e22, type: 3}
      propertyPath: m_LocalEulerAnglesHint.y
      value: -2.106
      objectReference: {fileID: 0}
    - target: {fileID: 2978402053104412172, guid: 05f976df786708e4dbbf068872319e22, type: 3}
      propertyPath: m_LocalEulerAnglesHint.z
      value: 0.626
      objectReference: {fileID: 0}
    - target: {fileID: 4115802149949726051, guid: 05f976df786708e4dbbf068872319e22, type: 3}
      propertyPath: m_Materials.Array.data[0]
      value: 
      objectReference: {fileID: 2100000, guid: bb1052c4499e9e84bbf6df66f98b2b72, type: 2}
    m_RemovedComponents: []
  m_SourcePrefab: {fileID: 100100000, guid: 05f976df786708e4dbbf068872319e22, type: 3}
--- !u!4 &9054718742537925005 stripped
Transform:
  m_CorrespondingSourceObject: {fileID: 2978402053104412172, guid: 05f976df786708e4dbbf068872319e22, type: 3}
  m_PrefabInstance: {fileID: 6124255972519991169}
  m_PrefabAsset: {fileID: 0}
